 Dungeon Crawl Stone Soup version 0.28-a0-10-g964c8b829e (webtiles) character file.

Game seed: 8909305100523504574

69 ezpacito the Distorting Demonspawn (level 4, -3/35 HPs)
             Began as a Demonspawn Abyssal Knight on July 25, 2021.
             Was a Believer of Lugonu.
             Slain by Robin (12 damage)
             ... on level 2 of the Dungeon.
             The game lasted 00:03:21 (1545 turns).

ezpacito the Distorting Demonspawn (DsAK)           Turns: 1545, Time: 00:03:22

Health: -3/35      AC:  8    Str: 12    XL:     4   Next: 2%
Magic:  6/6        EV: 10    Int: 13    God:    Lugonu [**....]
Gold:   41         SH:  0    Dex: 14    Spells: 4/4 levels left

rFire   + . .      SeeInvis .   a - +2 hand axe
rCold   + . .      Faith    .   (no shield)
rNeg    . . .      Spirit   .   e - +1 ring mail {rC+}
rPois   .          Reflect  .   (helmet restricted)
rElec   .          Harm     .   (no cloak)
rCorr   .          Rampage  .   (no gloves)
Will    .....                   (no boots)
Stlth   +.........              (no amulet)
HPRegen 0.11/turn               d - ring of protection from fire
MPRegen 0.10/turn               (no ring)

@: no status effects
A: horns 2, icy blue scales 1
a: Renounce Religion, Depart the Abyss, Bend Space


You were on level 2 of the Dungeon.
You worshipped Lugonu.
Lugonu was pleased with you.
You visited 1 branch of the dungeon, and saw 2 of its levels.
You visited the Abyss 1 time.

You collected 41 gold pieces.

Inventory:

Hand Weapons
 a - a +2 hand axe (weapon)
Missiles
 f - 24 stones (quivered)
Armour
 b - a +0 leather armour
 e - a +1 ring mail of cold resistance (worn)
Jewellery
 d - a ring of protection from fire (left hand)


   Skills:
 + Level 3.1 Fighting
 * Level 2.4 Axes
 + Level 0.9 Throwing
 + Level 2.1 Armour
 + Level 1.3 Dodging
 + Level 0.4 Unarmed Combat
 + Level 0.6 Spellcasting
 + Level 3.2 Invocations


You had 4 spell levels left.
You didn't know any spells.
Your spell library contained the following spells:

 Spells                   Type           Power      Damage    Failure   Level
 Ensorcelled Hibernation  Hex/Ice        0%         N/A       69%         2
 Spider Form              Tmut/Pois      0%         N/A       89%         3
 Passage of Golubria      Tloc           N/A        N/A       100%        4
 Silence                  Hex/Air        0%         N/A       100%        5
 Shadow Creatures         Summ           N/A        N/A       100%        6
 Lehudib's Crystal Spear  Conj/Erth      0%         10d2      100%        8


Dungeon Overview and Level Annotations

Branches:
Dungeon (2/15)

Altars:
Uskayaw

Annotations:
D:2 Robin


Innate Abilities, Weirdness & Mutations

You have a pair of horns on your head.
You are partially covered in icy blue scales. (AC +2)


Message History

It is a scroll of enchant armour.
Your +0 ring mail of cold resistance glows green for a moment.
Your rat bites the goblin.
The goblin dies!
Lugonu accepts your kill. Something misses your rat.
Your rat bites Robin but does no damage.
Something hits your rat!
Your rat dies!
Your rat's corpse dissolves into shadows!
Robin hits you from afar with a +6 vampiric trident!
Your rat bites Robin.
Robin hits you from afar with a +6 vampiric trident.
Your rat bites Robin.
Robin hits you with a +6 vampiric trident.
Your rat bites Robin but does no damage.
You hit Robin. Your headbutt misses Robin.
Robin is moderately wounded.
Robin says, "A pitiful Demonspawn like you will never find the ORB!"
Robin hits you with a +6 vampiric trident!
* * * LOW HITPOINT WARNING * * *
Your rat bites Robin.
Robin misses you.
You aren't carrying any scrolls.
You feel better.
Your rat closely misses Robin.
Robin hits you with a +6 vampiric trident.
Robin hits you from afar with a +6 vampiric trident!
* * * LOW HITPOINT WARNING * * *
Robin draws strength from your wounds!
Robin says, "My goblins will feast on your bones."
Robin hits you but does no damage.
Your rat closely misses Robin.
Your rat dissolves into shadows!
You see here a jackal corpse.
You feel your willpower return.
Robin says, "A pitiful Demonspawn like you will never find the ORB!"
Robin hits you but does no damage. Robin hits you but does no damage.
You barely miss Robin.
Robin hits you with a +6 vampiric trident!
You die...

r######
##..######.# #
§# #.....#
#.###.#
.########r....#
#.....#
..........._..#
#..#####..#
#....####.....#
#........#
#....####.....#
#...####.#
#.........#####
#...# .
#....####.#
#####†..##..
###### #.#
#..@g.......#
... #.#
#.##....##...
### .##
####...## ## .
#...# . #...#
#. #...# #...#
#######...#####
......#...#....


You could see Robin.

Vanquished Creatures
  An adder (D:2)
  2 dart slugs (D:1)
  2 bats (D:1)
  4 endoplasms (D:1)
  2 giant cockroaches (D:1)
  8 goblins
  5 hobgoblins (D:1)
  6 jackals
  4 quokkas (D:1)
  5 ball pythons (D:1)
  3 frilled lizards (D:1)
  2 kobolds (D:1)
44 creatures vanquished.

Vanquished Creatures (collateral kills)
  2 goblins (D:2)
  2 hobgoblins (D:2)
4 creatures vanquished.

Grand Total: 48 creatures vanquished

Notes
Turn   | Place    | Note
-------+----------+-------------------------------------------
     0 | Abyss:1  | ezpacito the Demonspawn Abyssal Knight began the quest for
                  | the Orb.
     0 | Abyss:1  | Reached XP level 1. HP: 18/18 MP: 2/2
   153 | Abyss:1  | Noticed a large abomination
   166 | Abyss:1  | Noticed a flying skull
   168 | D:1      | Escaped the Abyss
   231 | D:1      | Reached skill level 1 in Dodging
   336 | D:1      | Gained mutation: You have a pair of small horns on your
                  | head. [demonic ancestry]
   336 | D:1      | Reached XP level 2. HP: 20/24 MP: 3/3
   342 | D:1      | Reached * piety under Lugonu
   755 | D:1      | Gained mutation: You have a pair of horns on your head.
                  | [demonic ancestry]
   755 | D:1      | Reached XP level 3. HP: 9/29 MP: 5/5
  1003 | D:1      | Found a faded altar of an unknown god.
  1406 | D:2      | Found a hide-covered altar of Uskayaw.
  1476 | D:2      | Noticed Robin
  1479 | D:2      | Reached ** piety under Lugonu
  1497 | D:2      | Gained mutation: You are partially covered in icy blue
                  | scales. (AC +2) [demonic ancestry]
  1497 | D:2      | Reached XP level 4. HP: 26/35 MP: 6/6
  1545 | D:2      | Slain by Robin

Illustrated notes

Levels and vault maps discovered:
D:1:      evilmike_arrival_plus, layout_rooms, shapermc_ecumenical_altar_venn,
          minmay_pentomino_u4
D:2:      layout_loops_ring, basic_altar, serial_co_window_serial,
          co_window_paths_a, co_window_paths_b, co_window_corner_a,
          co_window_corner_a, co_window_corner_a, co_window_paths_a,
          co_window_of_opportunity_b, co_window_2corner, co_window_broadway_b,
          co_window_broadway_b, glass_columns_a, chequers_serial_rivers_large_a,
          ebering_dispersal_statue_hall, minivault_26, minmay_misc_feat_rugged,
          uniq_robin, uniq_natasha

Skill      XL: |  1  2  3 |
---------------+----------+-----
Dodging        | 1 |  1.3
Axes           | 2 |  2.4
Armour         | 2 |  2.1
Invocations    | 3 |  3.2
Fighting       | |  3.1
Throwing       | |  0.9
Unarmed Combat | |  0.4
Spellcasting   | |  0.6

Action                   |  1- 3 |  4- 6 || total
-------------------------+-------+-------++-------
Melee: Hand axe          |   106 |     2 ||   108
       Headbutt          |    13 |       ||    13
Invok: Depart the Abyss  |     1 |       ||     1
  Use: Potion            |     2 |     1 ||     3
       Scroll            |     5 |     4 ||     9
Armor: Ring mail         |    55 |     3 ||    58
Dodge: Dodged            |    63 |     1 ||    64

Table legend: (Time is in decaauts)
 A = Elapsed time spent in this place.
 B = Non-inter-level travel time spent in this place.
 C = Inter-level travel time spent in this place.
 D = Time resting spent in this place.
 E = Time spent auto-exploring this place.
 F = Levels seen in this place.
 G = Mean time per level.
                   A        B        C        D        E       F      G
               +--------+--------+--------+--------+--------+-----+--------+
         Total |   1565 |   1552 |     13 |    489 |    742 |   3 |  521.7 |
       Dungeon |   1398 |   1385 |     13 |    489 |    608 |   2 |  699.0 |
         Abyss |    167 |    167 |      0 |      0 |    134 |   1 |  167.0 |
               +--------+--------+--------+--------+--------+-----+--------+

Top non-repeatable levels by time:
     D:1: 1145 daAuts
     D:2: 252 daAuts
 Abyss:1: 167 daAuts
